 Dungeon Crawl Stone Soup version 0.27-a0-1281-ge233d83751 (webtiles) character file.

Game seed: 6146550393576373227

114 Glokmah the Ducker (level 4, -1/28 HPs)
             Began as a Tengu Gladiator on June 14, 2021.
             Slain by a gnoll shaman (14 damage)
             ... on level 2 of the Dungeon.
             The game lasted 00:03:27 (2467 turns).

Glokmah the Ducker (Tengu Gladiator)                Turns: 2467, Time: 00:03:27

Health: -1/28      AC:  5    Str: 15    XL:     4   Next: 98%
Magic:  5/5        EV: 12    Int:  9    God:
Gold:   102        SH:  0    Dex: 15    Spells: 3/3 levels left

rFire    . . .     SeeInvis .   a - +0 long sword
rCold    . . .     Faith    .   (no shield)
rNeg     . . .     Spirit   .   m - +0 ring mail
rPois    .         Reflect  .   c - +0 hat
rElec    .         Harm     .   (no cloak)
rCorr    .         Rampage  .   (no gloves)
Will     .....                  (boots unavailable)
Stlth    +.........             (no amulet)
HPRegen  0.09/turn              (no ring)
MPRegen  0.09/turn              (no ring)

@: no status effects
A: beak, talons 3
a: no special abilities


You were on level 2 of the Dungeon.
You visited 1 branch of the dungeon, and saw 2 of its levels.

You collected 102 gold pieces.

Inventory:

Hand Weapons
 a - a +0 long sword (weapon)
Missiles
 d - 3 throwing nets
 k - 9 poisoned darts (quivered)
Armour
 c - a +0 hat (worn)
 m - a +0 ring mail (worn)
Jewellery
 o - an amulet of regeneration
Scrolls
 b - a scroll of immolation {unknown}
 e - a scroll of torment {unknown}
 f - 2 scrolls of fog {unknown}
 g - 2 scrolls of teleportation {unknown}
 i - 3 scrolls of identify {unknown}
 n - 2 scrolls of amnesia {unknown}
Potions
 h - 2 potions of brilliance {unknown}
 j - a potion of degeneration {unknown}
 l - a potion of ambrosia {unknown}


   Skills:
 + Level 3.1 Fighting
 + Level 4.2 Long Blades
 - Level 2.3 Throwing
 + Level 4.3 Dodging


You had 3 spell levels left.
You didn't know any spells.
Your spell library contained the following spells:

 Spells                   Type           Power      Damage    Failure   Level
 Summon Small Mammal      Summ           0%         N/A       63%         1
 Call Imp                 Summ           0%         N/A       77%         2
 Call Canine Familiar     Summ           0%         N/A       94%         3
 Summon Guardian Golem    Hex/Summ       0%         N/A       94%         3
 Summon Ice Beast         Ice/Summ       0%         N/A       100%        4
 Summon Lightning Spire   Summ/Air       0%         N/A       100%        4


Dungeon Overview and Level Annotations

Branches:
Dungeon (2/15)

Altars:

Shops:
D:1 (


Innate Abilities, Weirdness & Mutations

You have a beak for a mouth.
You have claws for feet.


Message History

Throw: 11 darts (poison)
Press: ? - help, Q - select action, (/) - cycle Shift-Dir - straight line, f/p - gnoll shaman
Aim: a gnoll shaman, wielding a +0 mace and wearing a +0 leather armour (64% to hit)
You throw a poisoned dart.
The poisoned dart hits the gnoll shaman.
Throw: 10 darts (poison)
Press: ? - help, Q - select action, (/) - cycle Shift-Dir - straight line, f/p - gnoll shaman
Aim: a gnoll shaman, wielding a +0 mace and wearing a +0 leather armour (64% to hit)
You throw a poisoned dart.
The poisoned dart barely misses the gnoll shaman.
The gnoll shaman hits you with a +0 mace.
You hit the gnoll shaman but do no damage.
Your kick misses the gnoll shaman.
The gnoll shaman hits you but does no damage.
You hit the gnoll shaman. Your kick misses the gnoll shaman.
Your peck misses the gnoll shaman.
The gnoll shaman is moderately wounded.
The gnoll shaman barely misses you. The gnoll shaman closely misses you.
You hit the gnoll shaman but do no damage.
The gnoll shaman is moderately wounded.
The gnoll shaman hits you with a +0 mace!
You closely miss the gnoll shaman.
The gnoll shaman is moderately wounded.
The gnoll shaman closely misses you.
The gnoll shaman calls down the wrath of its god upon you.
You are outlined in light.
Things that are here:
a +0 whip; 3 stones
There is a stone staircase leading up here.
You are no longer glowing.
Found a brown potion.
The gnoll shaman closely misses you.
You riposte.
You hit the gnoll shaman. You claw the gnoll shaman.
The gnoll shaman is heavily wounded.
You hit the gnoll shaman.
You claw the gnoll shaman, but do no damage.
The gnoll shaman is severely wounded.
The gnoll shaman hits you with a +0 mace!
Ouch! That really hurt!
You die...

#.#.# #...# #
##..# ## ..#
##. #####..
#...... #
#.###..
#####..####
#.##...
#.@...!...#
#......
#g###..##.#
####... #.#
#.)##.# ##..
#.#
#..##.########.
#.#
#..............
#.#
#.....###......
#.# #####<#
######. #.# #.#
#. #.# #.# #.


You could see a gnoll shaman.

Vanquished Creatures
  An adder (D:2)
  5 gnolls (D:2)
  A worm (D:2)
  A dart slug (D:2)
  An endoplasm (D:1)
  3 giant cockroaches
  A goblin (D:2)
  A hobgoblin (D:1)
  8 jackals
  3 quokkas
  11 ball pythons
  6 bats
  3 frilled lizards
  6 kobolds
  2 rats (D:1)
53 creatures vanquished.

Notes
Turn   | Place    | Note
-------+----------+-------------------------------------------
     0 | D:1      | Glokmah the Tengu Gladiator began the quest for the Orb.
     0 | D:1      | Reached XP level 1. HP: 12/12 MP: 2/2
   158 | D:1      | Reached XP level 2. HP: 14/17 MP: 3/3
   498 | D:1      | Found Qidein's Weapon Shop.
   642 | D:1      | Reached XP level 3. HP: 12/22 MP: 4/4
  1683 | D:2      | Reached XP level 4. HP: 21/27 MP: 5/5
  2467 | D:2      | Slain by a gnoll shaman

Illustrated notes

Levels and vault maps discovered:
D:1:      beargit_arrival_greenhouse, layout_basic, serial_shops, shop
D:2:      layout_loops_ring

Skill      XL: |  1  2  3  4 |
---------------+-------------+-----
Long Blades    | 4 |  4.2
Dodging        | 4 |  4.3
Fighting       | 3 |  3.1
Throwing       | |  2.3

Action                   |  1- 3 |  4- 6 || total
-------------------------+-------+-------++-------
Melee: Long sword        |    84 |    26 ||   110
       Peck              |    13 |     7 ||    20
       Kick              |    19 |     7 ||    26
Throw: Dart              |     7 |     4 ||    11
 Stab: Sleeping          |     1 |       ||     1
Armor: Leather armour    |    22 |       ||    22
       Ring mail         |     5 |    10 ||    15
Dodge: Dodged            |    60 |    17 ||    77
       Rpst.: Long sword |    12 |     5 ||    17

Table legend: (Time is in decaauts)
 A = Elapsed time spent in this place.
 B = Non-inter-level travel time spent in this place.
 C = Inter-level travel time spent in this place.
 D = Time resting spent in this place.
 E = Time spent auto-exploring this place.
 F = Levels seen in this place.
 G = Mean time per level.
                   A        B        C        D        E       F      G
               +--------+--------+--------+--------+--------+-----+--------+
         Total |   2490 |   2410 |     80 |    175 |   1631 |   2 | 1245.0 |
       Dungeon |   2490 |   2410 |     80 |    175 |   1631 |   2 | 1245.0 |
               +--------+--------+--------+--------+--------+-----+--------+

Top non-repeatable levels by time:
     D:1: 1296 daAuts
     D:2: 1194 daAuts
